 Dungeon Crawl Stone Soup version 0.30-a0-165-g1891117ce2 (webtiles) character file.

Game seed: 10403137020510349108

2018 qw the Cleaver (level 9, 0/57 HPs)
             Began as a Gargoyle Fighter on Sept 28, 2022.
             Was a Follower of Okawaru.
             Splashed by a jelly's acid (3 damage)
             ... on level 7 of the Dungeon.
             The game lasted 00:01:53 (7380 turns).

qw the Cleaver (Gargoyle Fighter)                   Turns: 7380, Time: 00:01:54

Health: 0/57       AC: 25    Str: 23    XL:     9   Next: 23%
Magic:  7/9        EV:  8    Int: 10    God:    Okawaru [*.....]
Gold:   137        SH:  5    Dex:  9    Spells: 8/8 levels left

rFire   . . .      SeeInvis +    Y - +1 war axe
rCold   . . .      Faith    .    c - +0 buckler
rNeg    + . .      Spirit   .    i - +0 plate armour
rPois   inf        Reflect  .    b - +0 helmet
rElec   +          Harm     .    (no cloak)
rCorr   .          Rampage  .    q - +0 pair of gloves
Will    .....                    h - +0 pair of boots
Stlth   ..........               (no amulet)
HPRegen 0.19/turn                s - ring of see invisible
MPRegen 0.11/turn                (no ring)

@: heroic
A: sickness immunity, AC +6, negative energy resistance 1, electricity
resistance, torment resistance 1, petrification resistance
a: Renounce Religion, Heroism


You were on level 7 of the Dungeon.
You worshipped Okawaru.
Okawaru was aware of your devotion.
You visited 1 branch of the dungeon, and saw 7 of its levels.

You collected 350 gold pieces.
You spent 213 gold pieces at shops.


Innate Abilities, Weirdness & Mutations

You are immune to sickness and miasma.
Your stone body is resilient. (AC +6)
You are immune to poison.
You resist negative energy. (rN+)
You are resistant to electric shocks. (rElec)
You are resistant to unholy torment.
You are immune to petrification.


   Skills:
 - Level 7.3(12.3) Fighting
 - Level 8.2(13.2) Axes
 - Level 2.1(7.1) Throwing
 + Level 5.4(10.4) Armour
 - Level 1.2(6.2) Dodging
 - Level 3.2(8.2) Shields
 + Level 0.0 Invocations


You had 8 spell levels left.
You didn't know any spells.
Your spell library was empty.

Inventory:

Hand Weapons
 t - a +0 flail
 Y - a +1 war axe (weapon)
Missiles
 k - 9 boomerangs (quivered)
Armour
 b - a +0 helmet (worn)
 c - a +0 buckler (worn)
 h - a +0 pair of boots (worn)
 i - a +0 plate armour (worn)
 q - a +0 pair of gloves (worn)
Jewellery
 s - a ring of see invisible (left hand)
Scrolls
 o - a scroll of identify
Potions
 d - a potion of might
 e - 2 potions of curing
 j - a potion of lignification
 l - a potion of attraction
 m - a potion of resistance
 n - a potion of cancellation
 p - a potion of brilliance {unknown}
 r - a potion of mutation {unknown}
 v - a potion of haste

Dungeon Overview and Level Annotations

Branches:
Dungeon (7/15)             Temple (0/1) D:7

Altars:
Dithmenos
Nemelex Xobeh
Okawaru
Qazlal
Uskayaw
The Shining One

Shops:
D:5 *


Message History

The manticore completely misses you.
The manticore claws you but does no damage. x2
You barely miss the manticore.
The manticore is heavily wounded.
You block the manticore's attack. x2
The manticore claws you but does no damage.
You slash the manticore!
The manticore is almost dead.
The manticore bites you but does no damage.
The manticore claws you but does no damage. x2
You completely miss the manticore.
The manticore is severely wounded.
The manticore barely misses you. You block the manticore's attack.
The manticore claws you but does no damage.
The manticore bites you but does no damage.
The manticore claws you but does no damage. x2
You barely miss the manticore.
The manticore is severely wounded.
The manticore bites you. The manticore claws you.
You block the manticore's attack.
You slash the manticore!
The manticore is almost dead.
The manticore bites you but does no damage.
The manticore claws you.
The manticore claws you but does no damage.
You slice the manticore!!
You kill the manticore!
Okawaru is honoured by your kill.
You can now gain great but temporary skills.
Your Fighting skill gained 2 levels and is now at level 7!
You have reached level 9!
Your experience leads to an increase in your attributes!
Increase (S)trength, (I)ntelligence, or (D)exterity?
You feel stronger. x2
You start resting.
A jelly is nearby!
7378 ||| INVOKING Heroism.
You gain the combat prowess of a mighty hero.
You slash the jelly!
Your hands burn!
You die...

........###.....}.
...(....##..####.#
...?.........###.#.#
....$.....(.###.##.#
#...............###.#
#..... .$....##...
##WY.. #)...#..#
##### # #J# ###>###
##.##@#######.
#8...8#
#.............
#.....##
#...#...#....
8.....8# #...#.}.# ..
#.....## #.###...#
#8...8# #. .....)
#.....## # }..>..}.
8.....8# [.........
#.....## .###..$###.


You could see a jelly.

Vanquished Creatures
  A manticore (D:7)
  Grinder (D:5)
  A wraith (D:7)
  3 ice beasts
  2 ogres
  A phantom (D:4)
  3 scorpions
  5 orc priests
  A jelly (D:5)
  Ijyb (D:5)
  3 iguanas
  4 orc wizards
  Robin (D:4)
  4 gnolls (D:4)
  5 adders
  A shadow imp (D:6)
  A white imp (D:7)
  An ufetubus (D:6)
  2 worms
  A dart slug (D:1)
  16 orcs
  2 bats
  8 endoplasms
  3 giant cockroaches
  17 goblins
  7 hobgoblins
  4 kobolds
  3 quokkas
  8 ball pythons
  A frilled lizard (D:1)
  3 rats
114 creatures vanquished.

Vanquished Creatures (others)
  An orc wizard (D:6)
1 creature vanquished.

Grand Total: 115 creatures vanquished

Notes
Turn   | Place    | Note
-------+----------+-------------------------------------------
     0 | D:1      | qw the Gargoyle Fighter began the quest for the Orb.
     0 | D:1      | Reached XP level 1. HP: 14/14 MP: 1/1
     0 | D:1      | 0 ||| qw: Version: 0.2-a-10-g37ed214
     0 | D:1      | 0 ||| qw: Game counter: 730
     0 | D:1      | 0 ||| qw: Always use a shield: true
     0 | D:1      | 0 ||| qw: God list: Okawaru
     0 | D:1      | 0 ||| qw: Allow faded altars: false
     0 | D:1      | 0 ||| qw: Do Orc after D:15 true
     0 | D:1      | 0 ||| qw: Do second Lair branch before Depths: true
     0 | D:1      | 0 ||| qw: Lair rune preference: random
     0 | D:1      | 0 ||| qw: Plans: Normal, Zot:1-4, God:TSO, Crypt, Tomb,
                  | Pan, Slime:5, Hells, Abyss, Orb
     0 | D:1      | 0 ||| PLANNING D:1-11
    53 | D:1      | Found a faded altar of an unknown god.
   130 | D:1      | Reached skill level 2 in Axes
   132 | D:1      | 132 ||| Stepping ~*~*~tactically~*~*~ (hiding).
   306 | D:1      | Reached XP level 2. HP: 19/19 MP: 2/2
   361 | D:1      | 361 ||| DROPPING +0 club.
   564 | D:1      | Reached skill level 3 in Axes
   821 | D:1      | Reached XP level 3. HP: 16/23 MP: 3/3
   984 | D:1      | 984 ||| UPGRADING to +0 pair of boots.
   989 | D:1      | 989 ||| UPGRADING to +0 plate armour.
   999 | D:1      | 999 ||| DROPPING +0 scale mail.
  1000 | D:1      | 1000 ||| READING scroll labelled DEOTIKL AGOQATIEL.
  1001 | D:1      | 1001 ||| READING scroll labelled POECKISOQOS.
  1002 | D:1      | 1002 ||| DRINKING 3 inky potions.
  1003 | D:1      | 1003 ||| DRINKING 2 ruby potions.
  1677 | D:2      | 1677 ||| READING scroll labelled TEPUTU OCKY.
  1778 | D:2      | 1778 ||| READING scroll labelled BEARPH HEITOVA.
  1779 | D:2      | 1779 ||| DRINKING 3 grey potions.
  1835 | D:3      | Reached skill level 1 in Throwing
  1835 | D:3      | Reached XP level 4. HP: 15/28 MP: 4/4
  2226 | D:3      | Found a glowing golden altar of the Shining One.
  2227 | D:3      | Found a sparkling altar of Nemelex Xobeh.
  2227 | D:3      | Found a stormy altar of Qazlal.
  2228 | D:3      | Found a hide-covered altar of Uskayaw.
  2260 | D:3      | Reached skill level 4 in Axes
  2260 | D:3      | Reached XP level 5. HP: 32/32 MP: 5/5
  2435 | D:3      | Found a shadowy altar of Dithmenos.
  2775 | D:3      | 2775 ||| UPGRADING to +0 pair of gloves.
  2780 | D:3      | 2780 ||| READING scroll labelled BEISIH MUISCHE.
  2781 | D:3      | 2781 ||| READING scroll labelled WIZXAU YTIUFIA.
  2782 | D:3      | 2782 ||| DRINKING 2 silvery potions.
  2783 | D:3      | 2783 ||| DROPPING potion of degeneration.
  2856 | D:4      | Noticed Robin
  2879 | D:4      | HP: 7/32 [Robin/+0 trident (7)]
  2880 | D:4      | 2880 ||| DRINKING 2 potions of heal wounds.
  2881 | D:4      | Killed Robin
  2927 | D:4      | Reached skill level 5 in Axes
  2939 | D:4      | 2939 ||| Stepping ~*~*~tactically~*~*~ (stealth).
  2941 | D:4      | 2941 ||| Stepping ~*~*~tactically~*~*~ (hiding).
  2943 | D:4      | Reached XP level 6. HP: 37/37 MP: 6/6
  2953 | D:4      | HP: 6/37 [gnoll/+0 vorpal spear (5)]
  2954 | D:4      | 2954 ||| DRINKING potion of heal wounds.
  3925 | D:4      | 3925 ||| UPGRADING to +0 helmet.
  3930 | D:4      | 3930 ||| DROPPING orb of light.
  3931 | D:4      | 3931 ||| DROPPING ring of wizardry.
  3932 | D:4      | 3932 ||| READING 3 scrolls of identify.
  3932 | D:4      | 3932 ||| IDENTIFYING viscous grey potion
  3933 | D:4      | 3933 ||| READING 2 scrolls of identify.
  3933 | D:4      | 3933 ||| IDENTIFYING fizzy sapphire potion
  3949 | D:5      | Entered Level 5 of the Dungeon
  3962 | D:5      | Reached skill level 6 in Axes
  3962 | D:5      | Reached XP level 7. HP: 27/44 MP: 7/7
  4086 | D:5      | Noticed Ijyb
  4089 | D:5      | 4089 ||| DRINKING 4 potions of curing.
  4089 | D:5      | 4089 ||| (to cure confusion)
  4096 | D:5      | Killed Ijyb
  4142 | D:5      | 4142 ||| Stepping ~*~*~tactically~*~*~ (stealth).
  4146 | D:5      | 4146 ||| Stepping ~*~*~tactically~*~*~ (stealth).
  4454 | D:5      | Noticed Grinder
  4455 | D:5      | 4455 ||| Stepping ~*~*~tactically~*~*~ (hiding).
  4456 | D:5      | 4456 ||| Stepping ~*~*~tactically~*~*~ (hiding).
  4461 | D:5      | 4461 ||| Stepping ~*~*~tactically~*~*~ (hiding).
  4473 | D:5      | 4473 ||| Stepping ~*~*~tactically~*~*~ (hiding).
  4482 | D:5      | Paralysed by Grinder for 2 turns
  4484 | D:5      | Killed Grinder
  4485 | D:5      | Reached skill level 7 in Axes
  4485 | D:5      | Reached XP level 8. HP: 30/48 MP: 8/8
  4721 | D:5      | Found Okkedugu's Assorted Antiques.
  4730 | D:5      | 4730 ||| BUYING bubbling sapphire potion (24 gold).
  4730 | D:5      | Bought a bubbling sapphire potion for 24 gold pieces
  4730 | D:5      | 4730 ||| BUYING moonstone ring (135 gold).
  4730 | D:5      | Bought a moonstone ring for 135 gold pieces
  4730 | D:5      | 4730 ||| BUYING scroll labelled ADIHUK LYFFI (27 gold).
  4730 | D:5      | Bought a scroll labelled ADIHUK LYFFI for 27 gold pieces
  4730 | D:5      | 4730 ||| BUYING scroll labelled LIMMAI HEOPELO (27 gold).
  4730 | D:5      | Bought a scroll labelled LIMMAI HEOPELO for 27 gold pieces
  5429 | D:5      | 5429 ||| UPGRADING to ring of see invisible.
  5430 | D:5      | 5430 ||| READING scroll labelled XYL NYIHATIY.
  5431 | D:5      | 5431 ||| READING scroll labelled ADIHUK LYFFI.
  5432 | D:5      | 5432 ||| READING scroll labelled LIMMAI HEOPELO.
  5505 | D:6      | 5505 ||| Stepping ~*~*~tactically~*~*~ (stealth).
  5507 | D:6      | 5507 ||| Stepping ~*~*~tactically~*~*~ (stealth).
  5569 | D:6      | 5569 ||| DRINKING 4 potions of curing.
  5569 | D:6      | 5569 ||| (to cure confusion)
  5579 | D:6      | 5579 ||| DROPPING +0 mace.
  5595 | D:6      | HP: 8/49 [orc priest/divine providence (11)]
  6058 | D:6      | 6058 ||| DRINKING 3 potions of curing.
  6058 | D:6      | 6058 ||| (to cure confusion)
  6064 | D:6      | Reached skill level 1 in Dodging
  6204 | D:6      | 6204 ||| Stepping ~*~*~tactically~*~*~ (hiding).
  6206 | D:6      | 6206 ||| Stepping ~*~*~tactically~*~*~ (hiding).
  6207 | D:6      | 6207 ||| Stepping ~*~*~tactically~*~*~ (stealth).
  6208 | D:6      | 6208 ||| Stepping ~*~*~tactically~*~*~ (hiding).
  6209 | D:6      | 6209 ||| Stepping ~*~*~tactically~*~*~ (hiding).
  6880 | D:6      | 6880 ||| READING 2 scrolls labelled KIKUJIGR QICI.
  6885 | D:6      | 6885 ||| READING scroll labelled JEHIPH SALLI.
  6886 | D:6      | 6886 ||| READING 2 scrolls of identify.
  6886 | D:6      | 6886 ||| IDENTIFYING bubbling silvery potion
  6955 | D:7      | 6955 ||| Stepping ~*~*~tactically~*~*~ (hiding).
  7080 | D:7      | Noticed a manticore
  7080 | D:7      | Noticed a wraith
  7081 | D:7      | 7081 ||| DRINKING 2 brown potions.
  7082 | D:7      | 7082 ||| READING 2 scrolls of identify.
  7082 | D:7      | 7082 ||| IDENTIFYING lumpy ruby potion
  7083 | D:7      | 7083 ||| DROPPING potion of ambrosia.
  7084 | D:7      | 7084 ||| READING 2 scrolls of teleportation.
  7238 | D:7      | Found an iron altar of Okawaru.
  7239 | D:7      | 7239 ||| PLANNING OKAWARU WORSHIP
  7246 | D:7      | Became a worshipper of Warmaster Okawaru
  7247 | D:7      | 7247 ||| PLANNING D:1-11
  7247 | D:7      | 7247 ||| READING scroll of teleportation.
  7251 | D:7      | Found a staircase to the Ecumenical Temple.
  7270 | D:7      | Killed a wraith
  7271 | D:7      | Reached skill level 8 in Axes
  7282 | D:7      | 7282 ||| Stepping ~*~*~tactically~*~*~ (stealth).
  7283 | D:7      | 7283 ||| Stepping ~*~*~tactically~*~*~ (stealth).
  7368 | D:7      | HP: 12/51 [manticore (13)]
  7373 | D:7      | HP: 8/51 [manticore (5)]
  7373 | D:7      | HP: 3/51 [manticore (5)]
  7375 | D:7      | Killed a manticore
  7375 | D:7      | Reached * piety under Okawaru
  7376 | D:7      | Reached XP level 9. HP: 2/57 MP: 9/9
  7378 | D:7      | 7378 ||| INVOKING Heroism.
  7380 | D:7      | Splashed by a jelly's acid

Levels and vault maps discovered:
D:1:      psy_arrival_whirlpool, layout_basic, chequers_ecumenical_altar_simple
D:2:      layout_basic, minmay_tetromino_t2
D:3:      layout_basic, mainiacjoe_overflow_alcove_2,
          chequers_temple_overflow_statue_of_worship, fountainhead,
          kennysheep_crisscross, minmay_misc_feat_rows
D:4:      layout_basic, uniq_robin
D:5:      layout_layer_cave, serial_shops, shop, uniq_ijyb, uniq_grinder
D:6:      layout_basic
D:7:      layout_rooms, nicolae_overflow_hidden_temple,
          minmay_temple_entry_junction_2, minmay_liquid_box, kb_rosetta

Skill      XL: |  1  2  3  4  5  6  7  8 |
---------------+-------------------------+-----
Axes           | 2 3 4 5 6 7 8 |  8.2
Throwing       | 1 2 |  2.1
Fighting       | 4 7 |  7.3
Armour         | 4 5 |  5.4
Dodging        | 1 |  1.2
Shields        | |  3.2

Action                   |  1- 3 |  4- 6 |  7- 9 || total
-------------------------+-------+-------+-------++-------
Melee: War axe           |   102 |    87 |   143 ||   332
Throw: Boomerang         |    10 |     4 |     4 ||    18
       Javelin           |     5 |    36 |    25 ||    66
Invok: Heroism           |       |       |     1 ||     1
  Use: Scroll            |     4 |     4 |     9 ||    17
       Potion            |     3 |     3 |     4 ||    10
Armor: Scale mail        |    22 |       |       ||    22
       Plate armour      |    45 |    88 |    89 ||   222
       Skin              |       |       |    14 ||    14
Dodge: Dodged            |    36 |    31 |    25 ||    92
Block: Buckler           |    22 |    17 |    15 ||    54

Table legend:
 A = Non-vault XP
 B = Vault XP
 C = Vault XP percentage of total XP
 D = Non-vault monster count
 E = Vault monster count
 F = Vault count percentage of total count
                 A         B        C        D         E       F
            +---------+---------+-------+---------+---------+-------
      Total |    1787 |    1096 |  38.0 |      96 |      19 |  16.5
            +---------+---------+-------+---------+---------+-------
        D:1 |      38 |       0 |   0.0 |      21 |       0 |   0.0
        D:2 |      22 |       3 |  12.0 |       6 |       2 |  25.0
        D:3 |     130 |       0 |   0.0 |      15 |       0 |   0.0
        D:4 |     344 |      40 |  10.4 |      18 |      13 |  41.9
        D:5 |     565 |     310 |  35.4 |      11 |       2 |  15.4
        D:6 |     548 |       0 |   0.0 |      22 |       0 |   0.0
        D:7 |     140 |     743 |  84.1 |       3 |       2 |  40.0
            +---------+---------+-------+---------+---------+-------
